 Dungeon Crawl Stone Soup version 0.18.1-8-gdd0e5ea (console) character file.

1528 Kloppie the Blocker (level 9, -3/108 HPs)
             Began as a Formicid Fighter on June 7, 2016.
             Slain by an orc warrior
             ... wielding a +1 glaive of venom
              (17 damage)
             ... on level 6 of the Dungeon.
             The game lasted 00:10:26 (4244 turns).

Kloppie the Blocker (Formicid Fighter)              Turns: 4244, Time: 00:10:26

Health: -3/108     AC: 24    Str: 21    XL:     9   Next: 10%
Magic:  9/9        EV:  2    Int: 10    God:
Gold:   252        SH:  0    Dex: 13    Spells: 0 memorised, 8 levels left

rFire  . . .     SeeInvis .     a - +0 war axe
rCold  . . .     Gourm    .     (armour currently unavailable)
rNeg   + + +     Faith    .     c - +0 shield
rPois  +         Spirit   .     (helmet unavailable)
rElec  .         Dismiss  .     (cloak currently unavailable)
rCorr  .         Reflect  .     (gloves currently unavailable)
SustAt .         Harm     .     (boots currently unavailable)
MR     .....                    (no amulet)
Stlth  +.........               (no ring)
                                q - +2 ring of intelligence

@: confused, lethally poisoned (-3 -> -30), tree-form (expiring), not resistant
to hostile enchantments, very unstealthy
A: permanent stasis, dig shafts and tunnels, four strong arms, (antennae 0)
a: no special abilities


You were on level 6 of the Dungeon.
You were hungry.
You were a tree.
You visited 1 branch of the dungeon, and saw 6 of its levels.

You collected 252 gold pieces.

Inventory:

Hand Weapons
 a - a +0 war axe (weapon)
Armour
 c - a +0 shield (worn)
 o - the cursed +0 chain mail "Lefek" (melded) {rElec rPois}
   (You found it on level 4 of the Dungeon)

   It insulates you from electricity.
   It protects you from poison.
   It has a curse placed upon it.
 u - a +1 pair of gloves (melded)
Jewellery
 l - a +2 ring of intelligence
 q - a +2 ring of intelligence (left branch)
Wands
 b - a wand of confusion (17/48)
 d - a wand of disintegration (5/24)
 s - a wand of iceblast (6/15)
 t - a wand of lightning (4/15)
Scrolls
 e - 3 scrolls of identify
 h - 3 scrolls of remove curse {unknown}
 j - a scroll of amnesia {unknown}
 n - 2 scrolls of teleportation {unknown}
Potions
 g - a potion of ambrosia
Books
 m - a book of Power

   Spells                             Type                      Level
   a - Fulminant Prism                Conjuration/Hexes            4
   b - Iskenderun's Mystic Blast      Conjuration                  4
   c - Venom Bolt                     Conjuration/Poison           5
   d - Bolt of Magma                  Conjuration/Fire/Earth       5
   e - Iron Shot                      Conjuration/Earth            6
   f - Orb of Destruction             Conjuration                  7
   g - Spellforged Servitor           Conjuration/Summoning        7
Comestibles
 f - 4 bread rations
 k - 3 meat rations
 p - 2 beef jerkies


   Skills:
 + Level 7.2 Fighting
 + Level 6.1 Axes
 + Level 4.9 Armour
 + Level 8.0 Shields


You had 8 spell levels left.
You didn't know any spells.

Dungeon Overview and Level Annotations

Branches:
Dungeon (6/15)
 Temple: D:4-7

Altars:
Ashenzari
Dithmenos
Fedhas
Makhleb
Nemelex Xobeh

Shops:
D:6 :


Innate Abilities, Weirdness & Mutations

You are under a permanent stasis effect.
You can dig through walls and to a lower floor.
Your four strong arms can wield two-handed weapons with a shield.
((You have a pair of large antennae on your head (SInv).))


Message History

The orc warrior hits you with a glaive of venom.
* * * LOW HITPOINT WARNING * * *
You are more poisoned.
Drink which item? (? for menu, Esc to quit)
You are confused.
You feel invigorated.
* * * LOW HITPOINT WARNING * * *
You feel very sick.
You cannot move. (Use ctrl+direction to attack without moving.)
You cannot move. (Use ctrl+direction to attack without moving.)
You cannot move. (Use ctrl+direction to attack without moving.)
You cannot move. (Use ctrl+direction to attack without moving.)
You cannot move. (Use ctrl+direction to attack without moving.)
You cannot move. (Use ctrl+direction to attack without moving.)
You cannot move. (Use ctrl+direction to attack without moving.)
You cannot move. (Use ctrl+direction to attack without moving.)
* * * LOW HITPOINT WARNING * * *
You feel sick.
The orc warrior hits you with a glaive of venom!
You die...

#########
#######(......#
.........o.##.###
...........{{{.>#
..####.##.##o#.###
#....##..#♣#...#.#
#....###.#.#.#.#.#
#o...# #.#.......#
#....# #.###.#.###
..o...# #.##∩.#.#
###...## #..#....#
#... ##.#..###
#... #.#..# ####
#....#


You could see an orc warrior.

Vanquished Creatures
  Grinder (D:3)
  An ice beast (D:5)
  3 ogres
  3 centaurs
  2 scorpions (D:5)
  A crimson imp (D:5)
  An orc priest (D:4)
  A centaur skeleton (D:4)
  5 orc wizards
  2 hounds
  Jessica (D:3)
  An iguana (D:5)
  Ijyb (D:3)
  3 worker ants
  A hound skeleton (D:4)
  A worker ant zombie (D:5)
  7 adders
  3 gnolls (D:3)
  An ooze (D:1)
  2 adder skeletons (D:5)
  4 worms
  2 dart slugs (D:4)
  4 giant geckos
  9 orcs
  A ball python (D:3)
  3 giant cockroaches
  9 goblins
  5 hobgoblins
  5 jackals
  8 kobolds
  8 bats
  A giant gecko zombie (D:5)
  5 giant newts
  3 rats (D:2)
108 creatures vanquished.

Notes
Turn   | Place    | Note
--------------------------------------------------------------
     0 | D:1      | Kloppie the Formicid Fighter began the quest for the Orb.
     0 | D:1      | Reached XP level 1. HP: 18/18 MP: 1/1
    44 | D:1      | Reached XP level 2. HP: 21/24 MP: 2/2
   557 | D:2      | Reached XP level 3. HP: 30/30 MP: 3/3
   558 | D:2      | Reached skill level 4 in Shields
   806 | D:2      | Reached XP level 4. HP: 7/37 MP: 4/4
  1527 | D:3      | Noticed Jessica
  1532 | D:3      | Killed Jessica
  1532 | D:3      | Reached XP level 5. HP: 35/42 MP: 5/5
  1642 | D:3      | Found a shadowy altar of Dithmenos.
  1642 | D:3      | Noticed Ijyb
  1646 | D:3      | Killed Ijyb
  1646 | D:3      | Reached skill level 5 in Shields
  1647 | D:3      | Noticed Grinder
  1696 | D:3      | Killed Grinder
  1696 | D:3      | Reached skill level 5 in Fighting
  1696 | D:3      | Reached XP level 6. HP: 31/51 MP: 6/6
  2080 | D:4      | Reached skill level 6 in Shields
  2080 | D:4      | Reached XP level 7. HP: 56/56 MP: 7/7
  2489 | D:4      | Got a translucent chain mail
  2500 | D:4      | Identified the cursed +0 chain mail "Lefek" {rElec rPois} (You found it on level 4 of the Dungeon)
  2741 | D:4      | Reached skill level 5 in Axes
  2741 | D:4      | Reached XP level 8. HP: 52/64 MP: 8/8
  2818 | D:4      | Reached skill level 7 in Shields
  3158 | D:5      | Entered Level 5 of the Dungeon
  3168 | D:5      | Found a shattered altar of Ashenzari.
  3669 | D:5      | Found a sparkling altar of Nemelex Xobeh.
  3687 | D:5      | Found a burning altar of Makhleb.
  3750 | D:5      | Reached XP level 9. HP: 68/72 MP: 9/9
  3779 | D:5      | Found a blossoming altar of Fedhas.
  3936 | D:5      | Reached skill level 8 in Shields
  4180 | D:6      | Found Peptutt's Book Shop.
  4244 | D:6      | Slain by an orc warrior

Skill      XL: |  1  2  3  4  5  6  7  8  9 |
---------------+----------------------------+-----
Shields        | 4 5 6 7 8 |  8.0
Fighting       | 4 5 6 7 |  7.2
Axes           | 3 4 5 6 |  6.1
Armour         | 4 |  4.9

Action                   |  1- 3 |  4- 6 |  7- 9 || total
-------------------------+-------+-------+-------++-------
Melee: War axe           |   113 |   131 |   248 ||   492
 Abil: Dig               |       |     1 |       ||     1
  Use: Potion            |     1 |     1 |     2 ||     4
       Scroll            |       |     8 |     2 ||    10
  Eat: Chunk             |       |     4 |     7 ||    11
Armor: Scale mail        |    27 |       |       ||    27
       Chain mail        |    25 |    71 |    80 ||   176
       Skin              |       |       |     6 ||     6
Dodge: Dodged            |    29 |    33 |    50 ||   112
Block: Shield            |    64 |    77 |   116 ||   257
